 Dungeon Crawl Stone Soup version 0.30-a0-368-g86fb4627a9 (webtiles) character file.

Game seed: 6731673808849141775

4267 Manisia the Cleaver (level 10, -6/121 HPs)
             Began as a Minotaur Berserker on Nov 19, 2022.
             Was a Priest of Trog.
             Killed from afar by an efreet (18 damage)
             ... with a bolt of fire
             ... on level 8 of the Dungeon.
             The game lasted 00:09:01 (8009 turns).

Manisia the Cleaver (Minotaur Berserker)            Turns: 8009, Time: 00:09:01

Health: -6/121     AC: 11    Str: 27    XL:     10   Next: 10%
Magic:  9/9        EV: 10    Int:  4    God:    Trog [***...]
Gold:   496        SH:  0    Dex:  9    Spells: 9/9 levels left

rFire   . . .      SeeInvis +    B - +4 war axe (freeze)
rCold   . . .      Faith    .    (no shield)
rNeg    . . .      Spirit   .    H - +0 chain mail
rPois   .          Reflect  .    (helmet restricted)
rElec   .          Harm     .    (no cloak)
rCorr   .          Rampage  .    D - +0 pair of gloves
Will    .....                    (no boots)
Stlth   ..........               (no amulet)
HPRegen 0.40/turn                A - ring of see invisible
MPRegen 0.11/turn                E - ring of flight

@: berserking, flying, studying Dodging, very quick
A: horns 2, retaliatory headbutt
a: Renounce Religion, Berserk, Trog's Hand


You were on level 8 of the Dungeon.
You worshipped Trog.
Trog was most pleased with you.
You visited 2 branches of the dungeon, and saw 9 of its levels.

You collected 496 gold pieces.

Inventory:

Hand Weapons
 a - a +0 hand axe
 l - a +0 war axe
 B - a +4 war axe of freezing (weapon)
 G - a +0 vorpal battleaxe
Missiles
 e - a throwing net
 j - 79 stones (quivered)
 r - 2 silver javelins
 s - 5 atropa-tipped darts
 x - 4 javelins
Armour
 D - a +0 pair of gloves (worn)
 H - a +0 chain mail (worn)
Jewellery
 u - the amulet of Toaxick {RegenMP Rampage rCorr Int+2}
   (You found it on level 8 of the Dungeon)

   [amulet of magic regeneration]

   It increases your rate of magic regeneration.
   Int:       It affects your intelligence (+2).
   rCorr:     It protects you from acid and corrosion.
   Rampage:   It bestows one free step when moving towards enemies.
 A - a ring of see invisible (left hand)
 E - a ring of flight (right hand)
Wands
 g - a wand of flame (17)
 k - a wand of light (6)
 C - a wand of digging (7)
Scrolls
 b - a scroll of teleportation
 c - 3 scrolls of vulnerability
 y - a scroll of blinking
 I - a scroll of torment {unknown}
Potions
 d - a potion of might
 f - a potion of cancellation
 i - 5 potions of attraction
 m - a potion of mutation {unknown}
 n - a potion of curing {unknown}
 o - 3 potions of berserk rage
 p - a potion of magic {unknown}
 q - 2 potions of flight {unknown}
 t - a potion of brilliance {unknown}
 w - 2 potions of haste
 z - a potion of lignification {unknown}
 F - a potion of resistance {unknown}
Miscellaneous
 v - a phial of floods (inert)


   Skills:
 - Level 5.0 Fighting
 + Level 14.6 Axes
 - Level 5.0 Armour
 - Level 5.0 Dodging
 - Level 5.0 Evocations


You had 9 spell levels left.
You didn't know any spells.
Your spell library was empty.

Dungeon Overview and Level Annotations

Branches:
Dungeon (8/15)             Temple (1/1) D:7
   Lair: D:8-11

Altars:
Ashenzari
Cheibriados
Dithmenos
Elyvilon
Fedhas
Gozag
Hepliaklqana
Kikubaaqudgha
Makhleb
Nemelex Xobeh
Okawaru
Qazlal
Ru
Trog
Uskayaw
Vehumet
Wu Jian
Xom
Yredelemnul
Zin
The Shining One

Annotations:
D:5 3 runed translucent doors, NinjaNoafa's ghost, novice HuWn


Innate Abilities, Weirdness & Mutations

You have a pair of horns on your head.
You reflexively headbutt those who attack you in melee.


Message History

The gnoll closely misses you.
A howler monkey comes into view.
A red film seems to cover your vision as you go berserk!
You feel yourself moving faster!
You feel mighty!
The gnoll hits you but does no damage. x2
The two-headed ogre closely misses you.
The two-headed ogre hits you with a +0 giant spiked club!
* * * LOW HITPOINT WARNING * * *
You are too injured to fight recklessly!
You are too injured to fight recklessly!
You slice the two-headed ogre!! You freeze the two-headed ogre!
You kill the two-headed ogre!
Trog accepts your kill.
You closely miss the gnoll. The gnoll hits you with a +0 club.
* * * LOW HITPOINT WARNING * * *
The gnoll hits you but does no damage.
You have reached level 10!
You hit the gnoll. You freeze the gnoll.
The gnoll is moderately wounded.
You barely miss the gnoll. You headbutt the gnoll!
You kill the gnoll!
Trog accepts your kill.
A gnoll comes into view. It is wielding a +0 spear.
The gnoll hits you but does no damage.
You slash the gnoll! You freeze the gnoll.
You kill the gnoll!
Trog accepts your kill.
An efreet comes into view.
It is wielding a +0 scimitar of flaming.
The efreet gestures at you.
The fireball explodes!
The fireball engulfs you!!
* * * LOW HITPOINT WARNING * * *
The fireball engulfs the gnoll!
The gnoll dies!
Items here: ( ))) [ †.
You feel a strong urge to attack something.
You slice the efreet!! You freeze the efreet. Your headbutt misses the efreet.
The efreet is severely wounded.
The efreet gestures at you. The bolt of fire hits you!!
You die...

...#### #..### .........# ##.#
#..#.. #######..### [#.#
###..#.### #..##. ##.# ....#.#..
#...#. ...# #...#.#h#### #.....
..## #...#.#.#.. #...#. .##
#...#.#g#.# #...#. .# #...#.#)#.#
#...#. .# . #..#.#)#@# .#...#.
.#.... #..#.#)#R# #....#. ?.....
#..#.#.#°. #....#. ......
#..#.#.#### #....#. ......
#..#.#.. #....#. ...... #..#.###
#...... ......###..#.. ####
#...... ......#....########....
#......
......#.#..........########..#)..


You could see an efreet, a howler monkey and a gnoll.

Vanquished Creatures
  A two-headed ogre (D:8)
  A troll (D:8)
  A steam dragon (D:8)
  Menkaure (D:6)
  3 water moccasins
  Duvessa (D:7)
  2 ice beasts
  5 sky beasts
  An orc warrior (D:8)
  4 ogres
  A centaur (D:5)
  A phantom (D:5)
  A bullfrog (D:7)
  3 necrophages (D:5)
  4 scorpions
  4 wights (D:6)
  Dowan (D:7)
  A howler monkey (D:5)
  8 hounds
  Crazy Yiuf (D:2)
  A gnoll bouda (D:8)
  2 orc priests (D:6)
  2 jellies
  Jessica (D:2)
  Ijyb (D:3)
  An iguana (D:5)
  3 orc wizards
  Robin (D:2)
  10 gnolls
  4 adders
  A shadow imp (D:7)
  2 white imps
  A worm (D:4)
  A dart slug (D:4)
  33 orcs
  6 ball pythons
  4 bats
  7 endoplasms
  6 giant cockroaches
  18 goblins
  4 hobgoblins
  2 jackals (D:1)
  4 quokkas
  3 frilled lizards
  4 kobolds
  9 rats
176 creatures vanquished.

Vanquished Creatures (others)
  A gnoll (D:8)
  A fungus (D:2)
  A plant (D:1)
3 creatures vanquished.

Grand Total: 179 creatures vanquished

Notes
Turn   | Place    | Note
-------+----------+-------------------------------------------
     0 | D:1      | Manisia the Minotaur Berserker began the quest for the Orb.
     0 | D:1      | Reached XP level 1. HP: 19/19 MP: 0/0
   180 | D:1      | Reached XP level 2. HP: 14/27 MP: 1/1
   543 | D:1      | Reached skill level 4 in Axes
  1183 | D:2      | Reached XP level 3. HP: 33/33 MP: 2/2
  1613 | D:2      | Noticed Robin
  1620 | D:2      | Reached ** piety under Trog
  1625 | D:2      | Killed Robin
  1736 | D:2      | Noticed Jessica
  1779 | D:2      | Killed Jessica
  1780 | D:2      | Reached XP level 4. HP: 41/41 MP: 3/3
  2043 | D:2      | Found a runed translucent door.
  2044 | D:2      | Noticed Crazy Yiuf
  2053 | D:2      | Killed Crazy Yiuf
  2547 | D:3      | Noticed Ijyb
  2557 | D:3      | Killed Ijyb
  2558 | D:3      | Reached XP level 5. HP: 47/47 MP: 4/4
  2975 | D:4      | Noticed an ogre
  2978 | D:4      | Killed an ogre
  2979 | D:4      | Reached skill level 5 in Fighting
  2979 | D:4      | Reached skill level 5 in Axes
  2979 | D:4      | Reached XP level 6. HP: 40/56 MP: 5/5
  3409 | D:4      | Found an ornate altar of the Wu Jian Council.
  3410 | D:4      | Found a stormy altar of Qazlal.
  3411 | D:4      | Found a shimmering altar of Xom.
  3444 | D:4      | Noticed an ice beast
  3446 | D:4      | Killed an ice beast
  3447 | D:4      | Reached skill level 6 in Axes
  3447 | D:4      | Reached skill level 5 in Armour
  3559 | D:4      | Reached *** piety under Trog
  3584 | D:4      | Reached XP level 7. HP: 60/61 MP: 6/6
  3663 | D:4      | Reached skill level 5 in Dodging
  3829 | D:5      | Entered Level 5 of the Dungeon
  3852 | D:5      | Reached skill level 7 in Axes
  4033 | D:5      | Reached skill level 8 in Axes
  4213 | D:5      | Reached skill level 9 in Axes
  4213 | D:5      | Reached XP level 8. HP: 63/68 MP: 7/7
  4370 | D:5      | Found an iron altar of Okawaru.
  4401 | D:5      | Reached skill level 10 in Axes
  4656 | D:5      | Found a runed translucent gate.
  4656 | D:5      | Found a runed translucent gate.
  4656 | D:5      | Found a runed translucent gate.
  4657 | D:5      | Found an opulent altar of Gozag.
  4657 | D:5      | Noticed a kobold demonologist
  4657 | D:5      | Noticed NinjaNoafa's ghost (novice HuWn)
  4819 | D:5      | Reached skill level 11 in Axes
  4909 | D:5      | Reached skill level 12 in Axes
  5125 | D:6      | Reached skill level 1 in Evocations
  5125 | D:6      | Reached XP level 9. HP: 45/74 MP: 8/8
  5217 | D:6      | Noticed Menkaure
  5224 | D:6      | Killed Menkaure
  5923 | D:6      | Identified a scroll of acquirement
  5923 | D:6      | Acquired a manual of Dodging
  6024 | D:7      | Found a staircase to the Ecumenical Temple.
  6034 | Temple   | Entered the Ecumenical Temple
  6515 | D:7      | Noticed Dowan
  6515 | D:7      | Noticed Duvessa
  6523 | D:7      | Killed Duvessa
  6533 | D:7      | Killed Dowan
  6911 | D:7      | Reached skill level 13 in Axes
  7045 | D:7      | Reached skill level 5 in Evocations
  7660 | D:8      | Noticed a troll
  7665 | D:8      | Killed a troll
  7851 | D:8      | Identified the amulet of Toaxick {RegenMP Rampage rCorr
                  | Int+2}
  7967 | D:8      | Found a hazy altar of Hepliaklqana.
  7970 | D:8      | Found a burning altar of Makhleb.
  7973 | D:8      | Found a shadowy altar of Dithmenos.
  7995 | D:8      | Noticed a two-headed ogre
  8001 | D:8      | Reached skill level 14 in Axes
  8003 | D:8      | Killed a two-headed ogre
  8004 | D:8      | Reached XP level 10. HP: 29/81 MP: 9/9
  8009 | D:8      | Killed from afar by an efreet

Illustrated notes

Levels and vault maps discovered:
D:1:      dpeg_arrival_radiant, layout_loops_cross, serial_forest,
          infiniplex_forest_clump_curved, infiniplex_forest_clump_small,
          infiniplex_forest_clump_small, infiniplex_forest_straight_4,
          infiniplex_forest_end_2, infiniplex_forest_straight_4,
          infiniplex_forest_pool, infiniplex_forest_lined_2
D:2:      layout_basic, chequers_serial_rivers_small_b, supply_closet_lemuel,
          minmay_rat_gold_closets, uniq_jessica, uniq_robin,
          uniq_crazy_yiuf_cottage
D:3:      kennysheep_the_goblin_king, layout_loops_ring,
          dreamdust_princess_corridor, minmay_misc_feat_alley, kennysheep_boxes
D:4:      layout_loops_cross, chequers_temple_overflow_statue_of_worship
D:5:      minmay_octagon_keep, layout_rooms, lemuel_round_altar,
          ebering_ghost_gozag
D:6:      layout_rooms, kennysheep_minor_cross, uniq_menkaure
D:7:      layout_basic, minmay_temple_entry_junction_2,
          kennysheep_generic_room_5, uniq_duvessa
D:8:      minmay_distorted_concentric_squares, layout_basic,
          nicolae_overflow_hidden_temple, serial_glass, glass_columns_a,
          glass_columns_b, item_on_display_a, item_on_display_a,
          minmay_strange_pillars, nicolae_figureground_sparkle
Temple:   compressed_dpeg_triangle_lava_temple

Skill      XL: |  1  2  3  4  5  6  7  8  9 |
---------------+----------------------------+-----
Axes           | 4 5 6 9 12 14 | 14.6
Fighting       | 4 5 |  5.0
Armour         | 3 4 5 |  5.0
Dodging        | 3 4 5 |  5.0
Evocations     | 1 5 |  5.0

Action                   |  1- 3 |  4- 6 |  7- 9 | 10-12 || total
-------------------------+-------+-------+-------+-------++-------
Melee: Hand axe          |    81 |    17 |       |       ||    98
       Headbutt          |     4 |    15 |    30 |     1 ||    50
       Punch             |     2 |       |     3 |       ||     5
       War axe           |       |    69 |   209 |     4 ||   282
Throw: Stone             |     2 |       |       |       ||     2
       Dart              |       |       |     1 |       ||     1
Invok: Berserk           |     3 |     4 |     8 |       ||    15
Evoke: Phial of floods   |       |       |     1 |       ||     1
  Use: Scroll            |     3 |     2 |     7 |       ||    12
       Potion            |       |     3 |     1 |       ||     4
 Stab: Distracted        |     1 |       |       |       ||     1
       Sleeping          |     2 |     2 |       |       ||     4
Armor: Animal skin       |    19 |    11 |       |       ||    30
       Scale mail        |       |       |    60 |       ||    60
       Chain mail        |       |       |     4 |     1 ||     5
Dodge: Dodged            |    47 |    52 |    83 |       ||   182

Table legend: (Time is in decaauts)
 A = Elapsed time spent in this place.
 B = Non-inter-level travel time spent in this place.
 C = Inter-level travel time spent in this place.
 D = Time resting spent in this place.
 E = Time spent auto-exploring this place.
 F = Levels seen in this place.
 G = Mean time per level.
                   A        B        C        D        E       F      G
               +--------+--------+--------+--------+--------+-----+--------+
         Total |   8117 |   7902 |    215 |     86 |   6785 |   9 |  901.9 |
       Dungeon |   7812 |   7610 |    202 |     86 |   6502 |   8 |  976.5 |
        Temple |    304 |    291 |     13 |      0 |    283 |   1 |  304.0 |
               +--------+--------+--------+--------+--------+-----+--------+

Top non-repeatable levels by time:
     D:5: 1216 daAuts
     D:7: 1113 daAuts
     D:1: 1105 daAuts
     D:2: 1036 daAuts
     D:6: 941 daAuts
     D:4: 888 daAuts
     D:3: 860 daAuts
     D:8: 650 daAuts
  Temple: 304 daAuts
